 Dungeon Crawl Stone Soup version 0.22-a0-362-g535178c (webtiles) character file.

31 Amnesiac the Magician (level 3, -1/26 HPs)
             Began as a Mummy Wizard on Apr 20, 2018.
             Slain by Blork the orc
             ... wielding a +0 halberd
              (7 damage)
             ... on level 4 of the Dungeon.
             The game lasted 00:01:35 (743 turns).

Amnesiac the Magician (Mummy Wizard)                 Turns: 743, Time: 00:01:36

Health: -1/26      AC:  2    Str: 10    XL:     3   Next: 7%
Magic:  1/8        EV: 12    Int: 18    God:
Gold:   45         SH:  0    Dex: 10    Spells: 7/10 levels left

rFire    x . .     SeeInvis .   (no weapon)
rCold    + . .     Gourm    .   (no shield)
rNeg     + + +     Faith    .   a - +0 robe
rPois    ∞         Spirit   .   b - +0 hat
rElec    .         Reflect  .   (no cloak)
rCorr    .         Harm     .   (no gloves)
MR       .....                  (no boots)
Stlth    ++........             (no amulet)
HPRegen  0.08/turn              (no ring)
MPRegen  0.11/turn              (no ring)

@: no status effects
A: no food or potions, fire vulnerability, cold resistance 1, negative energy
resistance 3, torment resistance, unbreathing
a: no special abilities


You were on level 4 of the Dungeon.
You were not hungry.

You visited 1 branch of the dungeon, and saw 4 of its levels.

You collected 45 gold pieces.

Inventory:

Armour
 a - a +0 robe (worn)
 b - a +0 hat (worn)
 e - a +0 pair of gloves
Wands
 d - a wand of disintegration (21)
Scrolls
 c - a scroll of amnesia {!r, unknown}


   Skills:
 + Level 1.4 Fighting
 * Level 2.5 Dodging
 - Level 1.5 Stealth
 - Level 4.0 Spellcasting
 - Level 0.7 Conjurations
 - Level 0.7 Summonings
   Level 0.7 Translocations


You had 7 spell levels left.
You knew the following spells:

 Your Spells              Type           Power        Failure   Level  Hunger
a - Magic Dart            Conj           #...         11%         1    N/A
b - Call Imp              Summ           #.......     17%         2    N/A

Dungeon Overview and Level Annotations

Branches:
Dungeon (4/15)
 Temple: D:4-7

Altars:

Shops:
D:4 (

Annotations:
D:4 Blork the orc


Innate Abilities, Weirdness & Mutations

You do not eat or drink.
Your flesh is vulnerable to fire.
You are immune to poison.
Your flesh is cold resistant. (rC+)
You are immune to negative energy. (rN+++)
You are immune to unholy pain and torment.
You can survive without breathing.


Message History

Confirm with . or Enter, or press ? or * to list all spells.
Aiming: Magic Dart (safe; 12% risk of failure)
Press: ? - help, Shift-Dir - straight line, f/p - orc
Aim: an orc, wielding a dagger and wearing a scale mail The magic dart hits the orc.
The orc hits you with a dagger.
An orc comes into view. It is wielding a hand axe.
Casting: Magic Dart (safe; 12% risk of failure)
Confirm with . or Enter, or press ? or * to list all spells.
Aiming: Magic Dart (safe; 12% risk of failure)
Press: ? - help, Shift-Dir - straight line, f/p - orc
Aim: an orc, wielding a dagger and wearing a scale mail The magic dart hits the orc.
The orc is lightly wounded.
The orc shouts!
The orc closely misses you.
Casting: Magic Dart (safe; 12% risk of failure)
Confirm with . or Enter, or press ? or * to list all spells.
A beastly little devil appears in a puff of frigid air.
The orc closely misses you.
You swap places.
An orc comes into view. It is wielding a whip.
The orc moves out of view.
The orc hits you from afar with a trident.
The orc hits you from afar with a trident.
The orc hits you from afar with a trident.
* * * LOW HITPOINT WARNING * * *
Your white imp freezes the orc.
The orc dies!
You have reached level 3!
Your experience leads to an increase in your attributes!
Increase (S)trength, (I)ntelligence, or (D)exterity?
You feel clever.
Blork the orc comes into view.
He is wielding a halberd.
The orc closely misses your white imp. The orc barely misses your white imp.
The orc hits your white imp but does no damage. x2
Your white imp freezes the orc.
The orc hits you but does no damage.
Your white imp gestures at the orc.
The puff of frost hits the orc.
The orc dies!
The orc hits your white imp but does no damage.
You swap places.
The orc hits you but does no damage.
Casting: Call Imp (safe; 17% risk of failure)
Confirm with . or Enter, or press ? or * to list all spells.
Aiming: Magic Dart (safe; 11% risk of failure)
Press: ? - help, Shift-Dir - straight line, p - orc The orc barely misses you.
The orc hits your white imp with a hand axe.
Your white imp freezes the orc.
The orc dies!
The orc hits you with a dagger.
* * * LOW HITPOINT WARNING * * *
The orc closely misses you. The orc completely misses you.
Blork the orc gestures at you while chanting.
The puff of frost hits you! You resist.
* * * LOW HITPOINT WARNING * * *
The orc closely misses your white imp.
A hound skeleton comes into view.
Things that are here:
a hand axe; a whip Blork the orc hits you with a halberd!
You die...

#########
#####.....⌠.⌠
#.5o'......∩.
#)###÷....⌠.⌠
#o@.....#....
##..Z........
+..##.#......
#.....#......
........###...
...##+##. .#.
... . o .#.


You could see Blork the orc and a hound skeleton (wandering).

Vanquished Creatures
  2 adders
  An ooze (D:2)
  A bat (D:2)
  A kobold (D:3)
  A rat (D:2)
6 creatures vanquished.

Vanquished Creatures (collateral kills)
  A worm (D:2)
  3 orcs (D:4)
4 creatures vanquished.

Grand Total: 10 creatures vanquished

Notes
Turn   | Place    | Note
-------+----------+-------------------------------------------
     0 | D:1      | Amnesiac the Mummy Wizard began the quest for the Orb.
     0 | D:1      | Reached XP level 1. HP: 13/13 MP: 5/5
   186 | D:2      | Reached skill level 1 in Fighting
   186 | D:2      | Reached XP level 2. HP: 18/21 MP: 0/7
   236 | D:2      | Learned a level 2 spell: Call Imp
   514 | D:4      | Found Rec Ipa's Weapon Shoppe.
   732 | D:4      | Reached XP level 3. HP: 9/26 MP: 1/8
   733 | D:4      | Noticed Blork the orc
   743 | D:4      | Slain by Blork the orc

Vault maps used:
D:1:      lemuel_arrival_tunnels
D:2:      lemuel_doored_altar
D:3:      first_ration, guppyfry_early_orc_mine
D:4:      nicolae_overflow_hidden_temple, marbit_many_paths,
          gammafunk_temple_overflow_forgotten, serial_shops, shop_fountains,
          minmay_misc_feat_room, minmay_misc_feat_nine_boxes,
          uniq_blork_the_orc, uniq_pikel

Skill      XL: |  1 |
---------------+----+-----
Fighting       | 1 |  1.4
Dodging        | 2 |  2.5
Stealth        | |  1.5
Spellcasting   | |  4.0
Conjurations   | |  0.7
Summonings     | |  0.7
Translocations | |  0.7

Action                   || total
-------------------------++-------
Melee: Unarmed           ||    16
 Cast: Magic Dart        ||    30
       Call Imp          ||     5
Armor: Robe              ||     4
Dodge: Dodged            ||    18

Table legend:
 A = Spawn XP
 B = Non-spawn XP
 C = Spawn XP percentage of total XP
 D = Spawn monster count
 E = Non-spawn monster count
 F = Spawn count percentage of total count
 G = Total turns spent on level
                    A         B        C        D         E        F      G
               +---------+---------+-------+---------+---------+-------+---------
         Total |       0 |      45 |   0.0 |       0 |      10 |   0.0 |   743
               +---------+---------+-------+---------+---------+-------+---------
           D:2 |       0 |      26 |   0.0 |       0 |       5 |   0.0 |   367
           D:3 |       0 |       1 |   0.0 |       0 |       1 |   0.0 |   108
           D:4 |       0 |      18 |   0.0 |       0 |       4 |   0.0 |   231
               +---------+---------+-------+---------+---------+-------+---------
